| TOP OF THE 1ST |
|
Brooklyn Cyclones batting - Pitching for Milwaukee (NYP) Brewers : LHP Jon Ortiz
|
|
Pitching: LHP Jon Ortiz
|
|
|
Batting: LHB Matt Baker
|
0-0: Called Strike 0-1: Foul Ball, location: 2F 0-2: Foul Ball, location: 2F 0-2: Ball 1-2: Strikes out swinging
|
|
Batting: LHB Elmo Dreier
|
0-0: Foul Ball, location: 2F 0-1: Fly out, F7 (Flyball, 7LS, EV 81.2 MPH)
|
|
Batting: RHB Sang-ton Pak
|
0-0: Ball 1-0: Called Strike 1-1: Foul Ball, location: 2F 1-2: SINGLE (Groundball, 34, EV 110.0 MPH) (infield hit)
|
|
Batting: RHB Bill Crogan
|
0-0: Ball Wild Pitch! Sang-ton Pak to second 1-0: Swinging Strike 1-1: Ground out 5-3 (Groundball, 56, EV 84.4 MPH)
|
| Top of the 1st over - 0 runs, 1 hit, 0 errors, 1 left on base; Brooklyn 0 - Milwaukee (NYP) 0 |
| BOTTOM OF THE 1ST |
|
Milwaukee (NYP) Brewers batting - Pitching for Brooklyn Cyclones : RHP Sandro Fibonacci
|
|
Pitching: RHP Sandro Fibonacci
|
|
|
Batting: RHB Lorenzo Diaz
|
0-0: Called Strike 0-1: Ball 1-1: Called Strike 1-2: Foul Ball, location: 2F 1-2: Ground out 6-3 (Groundball, 6, EV 86.9 MPH)
|
|
Batting: LHB Tyler Francis
|
0-0: Ball 1-0: Swinging Strike 1-1: SINGLE (Groundball, 3D, EV 101.9 MPH)
|
|
Batting: SHB Jerry Duffy
|
0-0: Ball 1-0: Swinging Strike 1-1: Foul Ball, location: 2F 1-2: Ball Wild Pitch! Tyler Francis to second 2-2: Ball 3-2: Base on Balls
|
|
Batting: LHB Dusty Bryant
|
0-0: Called Strike 0-1: Foul Ball, location: 2F 0-2: Ball 1-2: Fly out, F8 (Flyball, 8LD, EV 98.8 MPH)
|
|
Batting: RHB Xiao-shuang Au
|
Balk! Tyler Francis to third Jerry Duffy to second 0-0: Ball 1-0: Ground out 5-3 (Groundball, 56, EV 98.8 MPH)
|
| Bottom of the 1st over - 0 runs, 1 hit, 0 errors, 2 left on base; Brooklyn 0 - Milwaukee (NYP) 0 |
| TOP OF THE 2ND |
|
Brooklyn Cyclones batting - Pitching for Milwaukee (NYP) Brewers : LHP Jon Ortiz
|
|
Batting: RHB Rich Cracchiolo
|
0-0: Ball 1-0: Fly out, F4 (Line Drive, 4D, EV 66.2 MPH)
|
|
Batting: RHB Mike Mathews
|
0-0: Foul Ball, location: 2F 0-1: Swinging Strike 0-2: SINGLE (Groundball, 6M, EV 96.2 MPH)
|
|
Batting: SHB Salvador Gomez
|
0-0: Ball 1-0: Ball 2-0: Called Strike 2-1: Called Strike 2-2: Foul Ball, location: 2F 2-2: Ball 3-2: Fielders Choice at 2nd, 1-4 (Groundball, 15S, EV 70.6 MPH)
|
|
Batting: RHB Victor Reyes
|
0-0: Ball 1-0: Called Strike 1-1: Called Strike 1-2: Ball 2-2: Fly out, F3 (Popup, 23F, EV 84.4 MPH)
|
| Top of the 2nd over - 0 runs, 1 hit, 0 errors, 1 left on base; Brooklyn 0 - Milwaukee (NYP) 0 |
| BOTTOM OF THE 2ND |
|
Milwaukee (NYP) Brewers batting - Pitching for Brooklyn Cyclones : RHP Sandro Fibonacci
|
|
Batting: LHB Steven Donovan
|
0-0: Ball 1-0: Ball 2-0: SINGLE (Line Drive, 6D, EV 102.5 MPH)
|
|
Batting: RHB Tony Beaumond
|
0-0: Foul Ball, location: 2F 0-1: Foul Ball, location: 2F 0-2: Fly out, F9 (Flyball, 9LS, EV 78.8 MPH)
|
|
Batting: RHB Dan Allred
|
0-0: Ball 1-0: Called Strike 1-1: Called Strike 1-2: Ball 2-2: Ball 3-2: Fielders Choice at 2nd, 4-6 (Groundball, 4, EV 91.9 MPH)
|
|
Batting: RHB Chris Fruit
|
0-0: Ball 1-0: Fielders Choice at 2nd, 6-4 (Groundball, 6, EV 102.5 MPH)
|
| Bottom of the 2nd over - 0 runs, 1 hit, 0 errors, 1 left on base; Brooklyn 0 - Milwaukee (NYP) 0 |
| TOP OF THE 3RD |
|
Brooklyn Cyclones batting - Pitching for Milwaukee (NYP) Brewers : LHP Jon Ortiz
|
|
Batting: SHB Duri Chilemba
|
0-0: Called Strike 0-1: Ball 1-1: Ground out 6-3 (Groundball, 6, EV 84.4 MPH)
|
|
Batting: LHB Matt Baker
|
0-0: Ball 1-0: Ground out 6-3 (Groundball, 56, EV 86.9 MPH)
|
|
Batting: LHB Elmo Dreier
|
0-0: Called Strike 0-1: Ball 1-1: Ball 2-1: Called Strike 2-2: Ball 3-2: Strikes out swinging
|
| Top of the 3rd over - 0 runs, 0 hits, 0 errors, 0 left on base; Brooklyn 0 - Milwaukee (NYP) 0 |
| BOTTOM OF THE 3RD |
|
Milwaukee (NYP) Brewers batting - Pitching for Brooklyn Cyclones : RHP Sandro Fibonacci
|
|
Batting: RHB Lorenzo Diaz
|
0-0: Ball 1-0: Ball 2-0: Ball 3-0: Called Strike 3-1: Ground out U3 (Groundball, 3, EV 99.4 MPH)
|
|
Batting: LHB Tyler Francis
|
0-0: Ball 1-0: DOUBLE (Line Drive, 7LM, EV 93.8 MPH)
|
|
Batting: SHB Jerry Duffy
|
0-0: Ground out U3 (Groundball, 3L, EV 100.0 MPH) Tyler Francis to third
|
|
Batting: LHB Dusty Bryant
|
0-0: Foul Ball, location: 2F 0-1: Called Strike 0-2: SINGLE (Line Drive, 34, EV 96.9 MPH) Tyler Francis scores
|
|
Batting: RHB Xiao-shuang Au
|
0-0: Ball 1-0: Foul Ball, location: 2F 1-1: Ball 2-1: Ball Passed Ball! Dusty Bryant to second 3-1: Foul Ball, location: 2F 3-2: Base on Balls
|
|
Batting: LHB Steven Donovan
|
0-0: Ball 1-0: Ball 2-0: SINGLE (Flyball, 4D, EV 93.8 MPH) Dusty Bryant to third Xiao-shuang Au to second Runner from 3rd tries for Home, throw by RF and OUT! 9-2
|
| Bottom of the 3rd over - 1 run, 3 hits, 0 errors, 2 left on base; Brooklyn 0 - Milwaukee (NYP) 1 |
| TOP OF THE 4TH |
|
Brooklyn Cyclones batting - Pitching for Milwaukee (NYP) Brewers : LHP Jon Ortiz
|
|
Batting: RHB Sang-ton Pak
|
0-0: Fly out, F7 (Flyball, 7, EV 89.4 MPH)
|
|
Batting: RHB Bill Crogan
|
0-0: Ball 1-0: Called Strike 1-1: Swinging Strike 1-2: Strikes out swinging
|
|
Batting: RHB Rich Cracchiolo
|
0-0: Ball 1-0: Ball 2-0: Called Strike 2-1: Foul Ball, location: 2F 2-2: Ground out 6-3 (Groundball, 6, EV 101.9 MPH)
|
| Top of the 4th over - 0 runs, 0 hits, 0 errors, 0 left on base; Brooklyn 0 - Milwaukee (NYP) 1 |
| BOTTOM OF THE 4TH |
|
Milwaukee (NYP) Brewers batting - Pitching for Brooklyn Cyclones : RHP Sandro Fibonacci
|
|
Batting: RHB Tony Beaumond
|
0-0: Ground out 4-3 (Groundball, 4M, EV 85.6 MPH)
|
|
Batting: RHB Dan Allred
|
0-0: Ball 1-0: Ball 2-0: Ground out 4-3 (Groundball, 34, EV 100.0 MPH)
|
|
Batting: RHB Chris Fruit
|
0-0: Ball 1-0: Fly out, F6 (Line Drive, 6, EV 73.1 MPH)
|
| Bottom of the 4th over - 0 runs, 0 hits, 0 errors, 0 left on base; Brooklyn 0 - Milwaukee (NYP) 1 |
| TOP OF THE 5TH |
|
Brooklyn Cyclones batting - Pitching for Milwaukee (NYP) Brewers : LHP Jon Ortiz
|
|
Batting: RHB Mike Mathews
|
0-0: Foul Ball, location: 2F 0-1: Foul Ball, location: 2F 0-2: Ball 1-2: Strikes out swinging
|
|
Batting: SHB Salvador Gomez
|
0-0: Called Strike 0-1: Foul Ball, location: 2F 0-2: Fly out, F7 (Line Drive, 7D, EV 90.0 MPH)
|
|
Batting: RHB Victor Reyes
|
0-0: Called Strike 0-1: Ball 1-1: Foul Ball, location: 2F 1-2: Foul Ball, location: 2F 1-2: Strikes out swinging
|
| Top of the 5th over - 0 runs, 0 hits, 0 errors, 0 left on base; Brooklyn 0 - Milwaukee (NYP) 1 |
| BOTTOM OF THE 5TH |
|
Milwaukee (NYP) Brewers batting - Pitching for Brooklyn Cyclones : RHP Sandro Fibonacci
|
|
Batting: RHB Lorenzo Diaz
|
0-0: Ball 1-0: Ball 2-0: Foul Ball, location: 2F 2-1: Foul Ball, location: 2F 2-2: Ball 3-2: Base on Balls
|
|
Batting: LHB Tyler Francis
|
0-0: Ball 1-0: Swinging Strike 1-1: Ball 2-1: Ground out 6-3 (Groundball, 4, EV 90.0 MPH) Lorenzo Diaz to second
|
|
Batting: SHB Jerry Duffy
|
0-0: Ground out 3-1 (Groundball, 34, EV 104.4 MPH) Lorenzo Diaz to third
|
|
Batting: LHB Dusty Bryant
|
0-0: Called Strike 0-1: Ball 1-1: Ball 2-1: Swinging Strike Passed Ball! Lorenzo Diaz scores 2-2: Ball 3-2: Base on Balls
|
|
Batting: RHB Xiao-shuang Au
|
0-0: Ball Wild Pitch! Dusty Bryant to second 1-0: Ball 2-0: Ball 3-0: Base on Balls
|
|
Pitching: LHP Dan Clausing
|
|
|
Batting: LHB Steven Donovan
|
0-0: Called Strike 0-1: Swinging Strike 0-2: Reached on error, E1 (Groundball, 15S, EV 68.1 MPH) Dusty Bryant scores Xiao-shuang Au to third
|
|
Batting: RHB Tony Beaumond
|
0-0: Called Strike 0-1: Fly out, F7 (Flyball, 7D, EV 101.9 MPH)
|
| Bottom of the 5th over - 2 runs, 0 hits, 1 error, 2 left on base; Brooklyn 0 - Milwaukee (NYP) 3 |
| TOP OF THE 6TH |
|
Brooklyn Cyclones batting - Pitching for Milwaukee (NYP) Brewers : LHP Jon Ortiz
|
|
Batting: SHB Duri Chilemba
|
0-0: Ball 1-0: Foul Ball, location: 2F 1-1: Swinging Strike 1-2: Foul Ball, location: 2F 1-2: Ball 2-2: Ball 3-2: Foul Ball, location: 2F 3-2: Base on Balls
|
|
Batting: LHB Matt Baker
|
0-0: Ball 1-0: Fielders Choice at 2nd, 4-6 (Groundball, 34, EV 85.0 MPH)
|
|
Batting: LHB Elmo Dreier
|
0-0: Called Strike Matt Baker steals 2nd, throwing error, E2 Matt Baker to third 0-1: Foul Ball, location: 2F 0-2: Strikes out swinging
|
|
Batting: RHB Sang-ton Pak
|
0-0: Foul Ball, location: 2F 0-1: Fly out, F8 (Flyball, 78D, EV 102.5 MPH)
|
| Top of the 6th over - 0 runs, 0 hits, 1 error, 1 left on base; Brooklyn 0 - Milwaukee (NYP) 3 |
| BOTTOM OF THE 6TH |
|
Milwaukee (NYP) Brewers batting - Pitching for Brooklyn Cyclones : LHP Dan Clausing
|
|
Batting: RHB Dan Allred
|
0-0: Ball 1-0: Swinging Strike 1-1: Ball 2-1: Ball 3-1: Base on Balls
|
|
Batting: RHB Chris Fruit
|
0-0: Ball 1-0: Ball 2-0: Swinging Strike 2-1: Called Strike 2-2: Strikes out swinging
|
|
Batting: RHB Lorenzo Diaz
|
0-0: SINGLE (Flyball, 9S, EV 86.9 MPH) Dan Allred to second Runner from 2nd tries for 3rd, OUT! 9-5
|
|
Batting: LHB Tyler Francis
|
0-0: Ball 1-0: Ball 2-0: Ground out 4-3 (Groundball, 34, EV 106.9 MPH)
|
| Bottom of the 6th over - 0 runs, 1 hit, 0 errors, 1 left on base; Brooklyn 0 - Milwaukee (NYP) 3 |
| TOP OF THE 7TH |
|
Brooklyn Cyclones batting - Pitching for Milwaukee (NYP) Brewers : LHP Jon Ortiz
|
|
Pitching: RHP Corey Pierce
|
|
|
Batting: RHB Bill Crogan
|
0-0: Foul Ball, location: 2F 0-1: Ball 1-1: Ball 2-1: Ball 3-1: Called Strike 3-2: Strikes out swinging
|
|
Batting: RHB Rich Cracchiolo
|
0-0: Ball 1-0: Fly out, F4 (Line Drive, 4, EV 69.4 MPH)
|
|
Batting: RHB Mike Mathews
|
0-0: Called Strike 0-1: Ball 1-1: Foul Ball, location: 2F 1-2: SINGLE (Flyball, 8RS, EV 90.6 MPH)
|
|
Batting: SHB Salvador Gomez
|
0-0: Ball 1-0: Foul Ball, location: 2F 1-1: Ground out 4-3 (Groundball, 34S, EV 91.9 MPH)
|
| Top of the 7th over - 0 runs, 1 hit, 0 errors, 1 left on base; Brooklyn 0 - Milwaukee (NYP) 3 |
| BOTTOM OF THE 7TH |
|
Milwaukee (NYP) Brewers batting - Pitching for Brooklyn Cyclones : LHP Dan Clausing
|
|
Batting: SHB Jerry Duffy
|
0-0: Ground out 5-3 (Groundball, 56S, EV 91.9 MPH)
|
|
Batting: LHB Dusty Bryant
|
0-0: Called Strike 0-1: Ball 1-1: Ball 2-1: Foul Ball, location: 2F 2-2: Ball 3-2: Strikes out swinging
|
|
Batting: RHB Xiao-shuang Au
|
0-0: Ground out 5-3 (Groundball, 56, EV 95.6 MPH)
|
| Bottom of the 7th over - 0 runs, 0 hits, 0 errors, 0 left on base; Brooklyn 0 - Milwaukee (NYP) 3 |
| TOP OF THE 8TH |
|
Brooklyn Cyclones batting - Pitching for Milwaukee (NYP) Brewers : RHP Corey Pierce
|
|
Batting: RHB Victor Reyes
|
0-0: Ball 1-0: Ground out 6-3 (Groundball, 6, EV 104.4 MPH)
|
|
Pinch Hitting: RHB Matt Tittle
|
0-0: Called Strike 0-1: Ball 1-1: Ball 2-1: Foul Ball, location: 2F 2-2: Ball 3-2: Foul Ball, location: 2F 3-2: Base on Balls
|
|
Batting: LHB Matt Baker
|
0-0: Ball 1-0: Ball 2-0: Called Strike 2-1: Fielders Choice at 2nd, 1-4 (Groundball, 15, EV 69.4 MPH)
|
|
Batting: LHB Elmo Dreier
|
0-0: Called Strike 0-1: Ball 1-1: Foul Ball, location: 2F 1-2: Foul Ball, location: 2F 1-2: Ball 2-2: Strikes out looking
|
| Top of the 8th over - 0 runs, 0 hits, 0 errors, 1 left on base; Brooklyn 0 - Milwaukee (NYP) 3 |
| BOTTOM OF THE 8TH |
|
Milwaukee (NYP) Brewers batting - Pitching for Brooklyn Cyclones : LHP Dan Clausing
|
|
Now at 3B: Matt Tittle
|
|
|
Batting: LHB Steven Donovan
|
0-0: Ball 1-0: Ball 2-0: Foul Ball, location: 2F 2-1: Ball 3-1: Foul Ball, location: 2F 3-2: Foul Ball, location: 2F 3-2: Strikes out swinging
|
|
Batting: RHB Tony Beaumond
|
0-0: Ball 1-0: Ground out 6-3 (Groundball, 6, EV 105.0 MPH)
|
|
Batting: RHB Dan Allred
|
0-0: Ball 1-0: SINGLE (Line Drive, 4MD, EV 110.6 MPH)
|
|
Batting: RHB Chris Fruit
|
0-0: Ball 1-0: Ball 2-0: Ball 3-0: Called Strike 3-1: Foul Ball, location: 2F 3-2: Foul Ball, location: 2F 3-2: Base on Balls Dan Allred to second
|
|
Pitching: RHP Ari Kuusinen
|
|
|
Batting: RHB Lorenzo Diaz
|
0-0: Foul Ball, location: 2F 0-1: Ball 1-1: Swinging Strike 1-2: SINGLE (Groundball, 6MD, EV 98.1 MPH) Dan Allred to third Chris Fruit to second Runner from 3rd tries for Home, throw by CF and OUT! 8-2
|
| Bottom of the 8th over - 0 runs, 2 hits, 0 errors, 2 left on base; Brooklyn 0 - Milwaukee (NYP) 3 |
| TOP OF THE 9TH |
|
Brooklyn Cyclones batting - Pitching for Milwaukee (NYP) Brewers : RHP Corey Pierce
|
|
Pitching: RHP Allen Gans
|
|
|
Batting: RHB Sang-ton Pak
|
0-0: Foul Ball, location: 2F 0-1: Foul Ball, location: 2F 0-2: Ball 1-2: Foul Ball, location: 2F 1-2: Ground out 5-3 (Groundball, 56, EV 86.9 MPH)
|
|
Batting: RHB Bill Crogan
|
0-0: Swinging Strike 0-1: Foul Ball, location: 2F 0-2: Ball 1-2: Foul Ball, location: 2F 1-2: Ball 2-2: Foul Ball, location: 2F 2-2: Fly out, F4 (Popup, 3S, EV 90.0 MPH)
|
|
Batting: RHB Rich Cracchiolo
|
0-0: Fly out, F7 (Line Drive, 78M, EV 105.0 MPH)
|
| Top of the 9th over - 0 runs, 0 hits, 0 errors, 0 left on base; Brooklyn 0 - Milwaukee (NYP) 3 |
|